Match 26961667
Unlisted

Match 26961667
End
Vickers Machine Gun Team
Construct Section Command Post
Selects Heavy Armor Battlegroup
Infantry Section
Vickers Machine Gun Team
Infantry Section
Vickers Machine Gun Team
Construct Platoon Command Post
Unlock M3 Stuart Light Tanks
Selects Rigorous Vehicle Training
Selects Light Vehicle Withdraw and Refit
M3 Stuart Light Tank
M3 Stuart Light Tank
M3 Stuart Light Tank
Selects Radio Net
M3 Stuart Light Tank
ML 3-inch Mortar Team
ML 3-inch Mortar Team
ML 3-inch Mortar Team
ML 3-inch Mortar Team
M3 Stuart Light Tank
AI Takeover
philthy
SeraAzuki
Aslan Andersen
TidaL
whoseyourdaddy
MARROKI
STRIKE_IIVI ➽
猫耳菜
0
0

Comments sign in to comment!

No comments posted yet!